AoeStats
← Iamak3186

Arena

504187724Analyzed
1v1 RM · 29d ago on Sep 4, 2026· 56m 37s· 2 players
Game mode
Random Map
Map size
Tiny (2 player)
Population
200
Speed
Normal
Resources
Standard
Victory
Conquest
Starting age
Dark Age
Ending age
Imperial Age
RankedLock teamsTeams togetherTeam positionsShared explorationLock speedFull tech treeHidden civsTurbo modeCheats
Victory
Defeat
🇨🇳 Teutons · China
1259
+18
🇮🇳 Japanese · India
1293
-18
FEI123
6:59 Loom
9:21 Feudal Age
12:49 Wheelbarrow
15:13 Double-Bit Axe
15:12 Horse Collar
16:21 Fletching
23:49 Castle Age
22:10 Gold Mining
22:12 Stone Mining
27:26 Bow Saw
28:07 Heavy Plow
38:36 Imperial Age
37:18 Padded Archer Armor
40:34 Two-Man Saw
40:06 Crop Rotation
41:10 Chemistry
40:30 Ballistics
40:29 Leather Archer Armor
40:28 Elite Skirmisher
43:00 Ring Archer Armor
45:20 Bodkin Arrow
47:35 Scale Barding Armor
47:41 Forging
47:13 Cavalier
48:16 Bloodlines
51:16 Chain Barding Armor
51:31 Iron Casting
53:57 Paladin
55:38 Plate Barding Armor
56:03 Blast Furnace
Iamak3186
8:47 Loom
10:35 Feudal Age
12:31 Double-Bit Axe
15:18 Castle Age
21:04 Scale Mail Armor
24:34 Chain Mail Armor
33:25 Bow Saw
33:53 Wheelbarrow
33:04 Loom
34:58 Horse Collar
37:00 Heavy Plow
41:57 Imperial Age
40:42 Forging
41:12 Yasama
41:20 Stone Mining
41:22 Gold Mining
43:01 Hand Cart
42:31 Town Watch
43:52 Two-Man Saw
43:02 Fletching
43:37 Conscription
43:56 Ballistics
43:30 Guard Tower
44:18 Bodkin Arrow
46:43 Scale Barding Armor
47:14 Iron Casting
46:16 Cavalier
47:07 Bloodlines
48:11 Husbandry
48:32 Chain Barding Armor
52:05 Pikeman
55:51 Halberdier
56:02 Light Cavalry
Connection lost

Rejoining the realm…

Still unreachable

The connection could not be restored.

Session expired

The server has moved on; the page needs a fresh start.